 Dungeon Crawl Stone Soup version 0.29.1-1-gd02db6906a (webtiles) character file.

Game seed: 18135706948090143798

884 xian the Chopper (level 7, 0/54 HPs)
             Began as a Palentonga Wanderer on Sept 17, 2022.
             Was a Follower of Okawaru.
             Succumbed to a scorpion's poison
             ... on level 6 of the Dungeon.
             The game lasted 00:19:09 (6913 turns).

xian the Chopper (Palentonga Wanderer)              Turns: 6913, Time: 00:19:09

Health: 0/54       AC: 16    Str: 14 (16) XL:     7   Next: 76%
Magic:  10/10      EV:  8    Int: 14 (15) God:    Okawaru [*.....]
Gold:   269        SH:  5    Dex: 16      Spells: 7/11 levels left

rFire   . . .      SeeInvis +   t - +5 trident (vamp)
rCold   . . .      Faith    .   b - +0 buckler
rNeg    . . .      Spirit   .   l - +2 ring mail {Will+}
rPois   .          Reflect  .   x - +0 helmet
rElec   .          Harm     .   (no cloak)
rCorr   .          Rampage  .   s - +2 pair of gloves
Will    +....                   (no barding)
Stlth   +.........              (no amulet)
HPRegen 0.18/turn               p - +6 ring of dexterity
MPRegen 0.12/turn               r - +4 ring of protection

@: lethally poisoned (0 -> -7), studying Stealth
A: large, rugged brown scales 3, see invisible, deformed body, roll 1, armoured
tail, reflexive curl
a: Rolling Charge, Renounce Religion, Heroism


You were on level 6 of the Dungeon.
You worshipped Okawaru.
Okawaru was aware of your devotion.
You visited 2 branches of the dungeon, and saw 7 of its levels.

You collected 269 gold pieces.

Inventory:

Hand Weapons
 t - a +5 vampiric trident (weapon)
Missiles
 e - 2 boomerangs
 i - 28 poisoned darts (quivered)
Armour
 b - a +0 buckler (worn)
 d - a +0 leather armour
 l - a +2 ring mail of willpower (worn)
 s - a +2 pair of gloves (worn)
 x - a +0 helmet (worn)
Jewellery
 a - a ring of wizardry
 p - a +6 ring of dexterity (left hand)
 r - a +4 ring of protection (right hand)
 u - a +6 ring of dexterity
 w - a ring of poison resistance
Wands
 o - a wand of mindburst (7)
Scrolls
 c - a scroll of vulnerability
 j - 2 scrolls of enchant armour
 m - a scroll of summoning
 n - a scroll of identify
 q - a scroll of immolation
 v - a scroll of teleportation
Potions
 f - 3 potions of mutation {unknown}
 g - 2 potions of curing
 h - 4 potions of heal wounds {unknown}
 k - 2 potions of degeneration


   Skills:
 + Level 2.7 Fighting
 + Level 4.9(5.4) Axes
 + Level 3.0(4.1) Polearms
 + Level 0.3 Throwing
 + Level 2.6 Armour
 + Level 2.1 Dodging
 + Level 1.3 Stealth
 + Level 2.9 Shields
 + Level 2.5 Spellcasting
 + Level 1.6 Summonings
 + Level 1.0 Invocations


You had 7 spell levels left.
You knew the following spells:

 Your Spells              Type           Power      Damage    Failure   Level
a - Summon Small Mammal   Summ           24%        N/A       28%         1
b - Summon Guardian Gole  Hex/Summ       4%         N/A       75%         3

Your spell library contained the following spells:

 Spells                   Type           Power      Damage    Failure   Level
 Apportation              Tloc           2%         N/A       50%         1
 Beastly Appendage        Tmut           2%         N/A       50%         1
 Blink                    Tloc           2%         N/A       63%         2
 Wereblood                Tmut           1%         N/A       63%         2
 Dazzling Flash           Conj/Hex       2%         N/A       86%         3
 Gell's Gravitas          Tloc           1%         N/A       86%         3
 Spider Form              Tmut/Pois      1%         N/A       86%         3
 Airstrike                Air            0%         2d(1-17)  99%         4
 Iskenderun's Mystic Bla  Conj/Tloc      1%         2d3       99%         4
 Leda's Liquefaction      Hex/Erth       0%         N/A       99%         4
 Passage of Golubria      Tloc           1%         N/A       99%         4
 Lightning Bolt           Conj/Air       0%         1d11      100%        5
 Manifold Assault         Tloc           1%         N/A       100%        5
 Starburst                Conj/Fire      0%         6d3       100%        6
 Storm Form               Tmut/Air       0%         N/A       100%        7
 Call Canine Familiar     Summ           Unusable   N/A       N/A         3
 Summon Lightning Spire   Summ/Air       Unusable   N/A       N/A         4
 Summon Forest            Summ/Tloc      Unusable   N/A       N/A         5

Dungeon Overview and Level Annotations

Branches:
Dungeon (6/15)             Temple (1/1) D:4

Altars:
Elyvilon
Fedhas
Hepliaklqana
Okawaru
Ru
Sif Muna
Uskayaw
Wu Jian
The Shining One

Shops:
D:3 :

Annotations:
D:2 1 runed translucent door, Crazy Yiuf
D:3 2 runed translucent doors, rogsnak's ghost, amateur DEAE


Innate Abilities, Weirdness & Mutations

You are completely covered in rugged brown scales. (AC +3, +7% HP)
You have supernaturally acute eyesight. (SInv)
Armour fits poorly on your strangely shaped body.
You can roll at nearby foes to attack.
You have a long armoured tail.
You curl defensively after being hit. (AC +7*)


Message History

Roll where?
Press: ? - help, Dir - move target, f - scorpion
Aim: a scorpion (moderately wounded)
You roll forward with a clatter of scales!
You hit the scorpion but do no damage.
The scorpion is moderately wounded.
You block the scorpion's attack.
You hit the scorpion.
The scorpion is heavily wounded.
The scorpion stings you.
You are poisoned.
The scorpion poisons you!
You hit the scorpion but do no damage.
The scorpion is heavily wounded.
You feel sick. The scorpion completely misses you.
You block the scorpion's attack.
You barely miss the scorpion.
The scorpion is heavily wounded.
You feel sick. The scorpion stings you.
* * * LOW HITPOINT WARNING * * *
You are lethally poisoned!
The scorpion poisons you!
You closely miss the scorpion.
The scorpion is heavily wounded.
* * * LOW HITPOINT WARNING * * *
You feel very sick.
The scorpion stings you but does no damage.
You hit the scorpion.
The scorpion is severely wounded.
* * * LOW HITPOINT WARNING * * *
You feel very sick.
The scorpion stings you but does no damage.
The scorpion completely misses you.
You puncture the scorpion!
You kill the scorpion!
Okawaru accepts your kill.
* * * LOW HITPOINT WARNING * * *
You feel sick.
Your base Polearms skill increases to level 3!
You die...

## #..
.###...
##
..#....
#. ......
##. ....#
#..###...
#.....##
. #..@..#
.#
#....##..
##..#...#
#...#.#.#
###.....#
##.......
....[..
.......
..#....


There were no monsters in sight!

Vanquished Creatures
  A centaur (D:6)
  A kobold brigand (D:5)
  Blork the orc (D:5)
  A necrophage (D:6)
  A scorpion (D:6)
  A wight (D:4)
  A hound (D:5)
  A gnoll bouda (D:4)
  2 jellies (D:4)
  An orc priest (D:4)
  Jessica (D:2)
  Ijyb (D:3)
  An orc wizard (D:5)
  Terence (D:2)
  7 adders
  5 gnolls (D:4)
  A shadow imp (D:5)
  An ufetubus (D:5)
  A worm (D:4)
  3 dart slugs
  13 orcs
  6 bats
  3 endoplasms (D:1)
  2 giant cockroaches (D:4)
  2 goblins (D:4)
  5 hobgoblins
  4 jackals (D:1)
  34 kobolds
  A quokka (D:4)
  8 ball pythons
  5 frilled lizards
  7 rats
  4 bushes (D:1)
127 creatures vanquished.

Vanquished Creatures (collateral kills)
  An adder (D:2)
1 creature vanquished.

Vanquished Creatures (others)
  51 plants
51 creatures vanquished.

Grand Total: 179 creatures vanquished

Notes
Turn   | Place    | Note
-------+----------+-------------------------------------------
     0 | D:1      | xian the Palentonga Wanderer began the quest for the Orb.
     0 | D:1      | xian set off with the following items: a +2 hand axe, a +0
                  | buckler, a scroll of vulnerability, a +0 leather armour;
                  | and the following spell memorised: Summon Small Mammal; and
                  | the following spells available to memorise: Summon Guardian
                  | Golem.
     0 | D:1      | Reached XP level 1. HP: 16/16 MP: 3/3
   328 | D:1      | Reached XP level 2. HP: 15/22 MP: 3/5
   858 | D:1      | Reached XP level 3. HP: 27/27 MP: 6/6
   917 | D:1      | Learned a level 3 spell: Summon Guardian Golem
  1627 | D:2      | Noticed Jessica
  1639 | D:2      | Killed Jessica
  1791 | D:2      | Reached skill level 3 in Axes
  1791 | D:2      | Reached XP level 4. HP: 21/34 MP: 5/7
  1792 | D:2      | Noticed Terence
  1801 | D:2      | Killed Terence
  2390 | D:2      | Found a runed translucent door.
  2391 | D:2      | Noticed Crazy Yiuf
  2690 | D:3      | Found a large runed translucent door.
  2690 | D:3      | Found a large runed translucent door.
  2707 | D:3      | Found Kikattid's Vocational Training.
  2707 | D:3      | Noticed Ijyb
  2716 | D:3      | Reached skill level 4 in Axes
  2716 | D:3      | Reached XP level 5. HP: 33/39 MP: 5/8
  2728 | D:3      | Killed Ijyb
  2733 | D:3      | HP: 1/39 [poisoned by Ijyb]
  3150 | D:3      | Noticed a shining eye
  3152 | D:3      | Found a faded altar of an unknown god.
  3157 | D:3      | Noticed a golden eye
  3162 | D:3      | Noticed a great orb of eyes
  3162 | D:3      | Noticed a shining eye
  3482 | D:3      | Reached skill level 1 in Dodging
  3649 | D:3      | Noticed rogsnak's ghost (amateur DEAE)
  3864 | D:4      | Got Geqaitz's Almanac of Dislocation and Guile
  3882 | D:4      | Found a staircase to the Ecumenical Temple.
  3897 | Temple   | Entered the Ecumenical Temple
  4023 | Temple   | Became a worshipper of Warmaster Okawaru
  4083 | D:4      | Found a hazy altar of Hepliaklqana.
  4230 | D:4      | Reached XP level 6. HP: 19/46 MP: 9/9
  5166 | D:5      | Entered Level 5 of the Dungeon
  5187 | D:4      | Reached skill level 1 in Polearms
  5357 | D:5      | Noticed Blork the orc
  5363 | D:5      | Killed Blork the orc
  5364 | D:5      | Reached skill level 1 in Stealth
  5364 | D:5      | Gained mutation: You curl defensively after being hit. (AC
                  | +7*) [Palentonga growth]
  5364 | D:5      | Reached XP level 7. HP: 45/53 MP: 10/10
  5682 | D:5      | Reached * piety under Okawaru
  5745 | D:6      | HP: 2/53 [centaur/arrow (7)]
  6422 | D:5      | Found a blossoming altar of Fedhas.
  6912 | D:6      | HP: 2/54 [poisoned by a scorpion]
  6913 | D:6      | Succumbed to a scorpion's poison

Illustrated notes

Levels and vault maps discovered:
D:1:      dpeg_arrival_pits, layout_rooms, lexackson_kobold_supper
D:2:      layout_loops_ring, uniq_terence, uniq_crazy_yiuf_cottage, uniq_jessica
D:3:      layout_loops_ring, hellmonk_ecumenical_altar_watching_god,
          ebering_ghost_disaster_area, nicolae_shop_vocational, uniq_ijyb
D:4:      layout_loops_ring, nicolae_hepliaklqana_hazy_memory,
          minmay_temple_entry_tees, minmay_manual_moon
D:5:      kennysheep_kobold_camp, layout_basic, old_standard_altar,
          uniq_blork_the_orc
D:6:      layout_cave_pools, nicolae_ashenzari_skybound, uniq_edmund
Temple:   jpeg_temple_clearing

Skill      XL: |  1  2  3  4  5  6  7 |
---------------+----------------------+-----
Shields        | 2 |  2.9
Axes           | 3 4 |  4.9
Dodging        | 1 2 |  2.1
Armour         | 2 |  2.6
Polearms       | 1 3 |  3.0
Fighting       | 2 |  2.7
Stealth        | 1 |  1.3
Throwing       | |  0.3
Spellcasting   | |  2.5
Summonings     | |  1.6
Invocations    | |  1.0

Action                   |  1- 3 |  4- 6 |  7- 9 || total
-------------------------+-------+-------+-------++-------
Melee: Hand axe          |   434 |   107 |       ||   541
       Tailslap          |   103 |    16 |     7 ||   126
       Trident           |       |    69 |    91 ||   160
Throw: Dart              |       |       |     6 ||     6
 Cast: Summon Small Mamm |     6 |     9 |       ||    15
Invok: Heroism           |       |       |     1 ||     1
 Abil: Rolling Charge    |    22 |    21 |    13 ||    56
  Use: Scroll            |       |     4 |     6 ||    10
       Potion            |       |     3 |     5 ||     8
 Stab: Invisible         |       |     5 |       ||     5
Armor: Leather armour    |    22 |     2 |       ||    24
       Ring mail         |       |    80 |   135 ||   215
Dodge: Dodged            |    25 |    57 |    92 ||   174
Block: Buckler           |     2 |    25 |    50 ||    77
